Map: [ESL] Berlingrad

Players

Cheater 2 (Vision) - Winner!

  • Race: Zerg Zerg
  • Spawn Location: 11:00

더블디비초이

  • Race: Protoss Protoss
  • Spawn Location: 5:00

VOD

Have the link to the VOD?

Description

Time

  • Played on: June 21, 2022, 8:04 a.m.
  • Length: 6:47
Show
View Real Time Build Order
Export as new Build Order

Cheater 2 (Vision) Zerg - Winner!

Build Orders: Pool First 

Get SALT Encoding   

  12  0:00  Drone  
  13  0:12  Overlord  
  13  0:16  Drone  
  14  0:31  Drone x2  
  16  0:42  Spawning Pool  
  15  0:44  Drone  
  15  0:49  Drone  
  17  1:20  Extractor  
  16  1:29  Zergling x4, Queen, Drone  
  21  1:40  Drone  
  21  1:46  Hatchery  
  21  1:50  Overlord  
  21  2:01  Drone  
  22  2:12  Drone  
  22  2:15  Queen  
  25  2:23  Drone  
  26  2:32  Roach Warren  
  26  2:33  Extractor  
  26  2:34  Drone  
  26  2:36  Drone x2  
  27  2:38  Drone  
  28  2:45  Overlord  
  28  2:56  Queen  
  30  3:03  Spore Crawler  
  29  3:08  Drone  
  30  3:14  Spore Crawler  
  30  3:17  Drone  
  30  3:20  Drone  
  30  3:24  Drone  
  32  3:27  Drone  
  32  3:30  Drone  
  34  3:35  Drone  
  34  3:38  Zergling x2  
  36  3:43  Roach  
  36  3:47  Roach  
  40  3:51  Roach  
  40  3:55  Roach  
  44  4:01  Overlord  
  44  4:13  Lair  
  44  4:18  Metabolic Boost  
  44  4:19  Drone x2  
  46  4:24  Overlord  
  46  4:27  Drone  
  46  4:29  Drone  
  48  4:32  Drone  
  48  4:35  Zergling x2  
  48  4:37  Zergling x2  
  51  4:40  Zergling x2  
  52  4:47  Drone, Evolution Chamber  
  52  4:52  Evolution Chamber  
  51  4:53  Drone  
  51  4:55  Drone  
  51  4:57  Drone  
  54  5:00  Drone  
  54  5:06  Overlord  
  55  5:14  Hydralisk Den  
  54  5:19  Drone  
  54  5:20  Drone  
  56  5:23  Drone  
  56  5:25  Drone  
  56  5:27  Drone  
  59  5:30  Overlord  
  59  5:33  Drone  
  59  5:35  Drone  
  61  5:37  Drone  
  61  5:39  Drone  
  61  5:40  Drone  
  61  5:42  Drone  
  65  5:44  Drone  
  66  5:50  Overlord  
  66  5:52  Drone  
  64  5:58  Infestation Pit, Hydralisk  
  64  5:59  Zergling x2  
  64  6:00  Zergling x2  
  64  6:03  Hydralisk  
  64  6:06  Hydralisk  
  55  6:11  Hydralisk  
  55  6:14  Drone  
  55  6:22  Zergling x2  
  55  6:25  Zergling x2  
  55  6:28  Drone  
  55  6:31  Drone  
  59  6:33  Drone  
Show
View Real Time Build Order
Export as new Build Order

더블디비초이 Protoss 

Build Orders: 1 Gate Expand, Oracle Opening 

Get SALT Encoding   

  12  0:00  Probe  
  13  0:12  Probe  
  14  0:19  Pylon  
  14  0:24  Probe  
  15  0:37  Probe (Chrono Boost)  
  15  0:41  Gateway  
  16  0:46  Probe (Chrono Boost)  
  17  0:50  Assimilator  
  17  0:51  Probe (Chrono Boost)  
  18  1:03  Probe  
  19  1:15  Probe  
  20  1:27  Nexus  
  20  1:38  Cybernetics Core  
  20  1:41  Probe  
  20  1:46  Assimilator  
  21  1:53  Probe  
  22  1:56  Pylon  
  22  2:06  Probe  
  22  2:12  Adept (Chrono Boost)  
  24  2:18  Stargate  
  24  2:20  Probe (Chrono Boost)  
  25  2:29  Warp Gate  
  26  2:31  Probe (Chrono Boost)  
  26  2:38  Stalker, Probe (Chrono Boost)  
  26  2:39  Probe (Chrono Boost)  
  30  2:48  Probe (Chrono Boost)  
  30  2:50  Probe (Chrono Boost)  
  32  2:53  Probe (Chrono Boost)  
  33  2:59  Probe  
  33  3:05  Oracle (Chrono Boost)  
  37  3:07  Probe  
  37  3:11  Probe  
  39  3:16  Gateway  
  39  3:19  Probe  
  40  3:22  Pylon  
  40  3:23  Probe  
  41  3:32  Probe  
  42  3:35  Probe  
  42  3:38  Oracle (Chrono Boost)  
  46  3:45  Probe  
  48  3:53  Nexus  
  47  3:56  Twilight Council  
  47  4:10  Gateway  
  47  4:12  Gateway  
  47  4:13  Gateway  
  47  4:17  Adept  
  47  4:18  Adept  
  47  4:23  Pylon  
  51  4:24  Probe  
  51  4:25  Probe  
  51  4:26  Resonating Glaives (Chrono Boost)  
  53  4:41  Adept x2  
  53  4:43  Probe  
  53  4:44  Probe  
  59  4:48  Pylon  
  59  5:02  Adept  
  59  5:05  Adept x2  
  59  5:06  Adept  
  67  5:07  Adept  
  67  5:09  Probe x3  
  72  5:21  Probe x2, Pylon  
  74  5:28  Adept x3  
  74  5:29  Adept x2  
  74  5:35  Probe  
  85  5:39  Probe x2  
  87  5:47  Probe  
  88  5:51  Probe x2  
  88  5:59  Probe  
  88  6:11  Probe (Chrono Boost)  
  88  6:12  Gateway x2, Probe (Chrono Boost)  
  88  6:14  Shield Battery  
  88  6:16  Gateway  
  84  6:21  Probe (Chrono Boost)  
  84  6:22  Probe (Chrono Boost)  
  84  6:23  Forge, Probe (Chrono Boost)  
  84  6:25  Pylon  
  82  6:26  Robotics Facility  
  82  6:30  Probe  
  82  6:32  Probe  
  80  6:33  Assimilator  
  80  6:34  Assimilator  
Tags
 
Add a new tag
Caveats
  • Supply blocks, unpowered buildings, or Contaminate may cause inaccurate times.
  • Supply counts are checked every 10 seconds.